 Dungeon Crawl Stone Soup version 0.29.1-1-gd02db6906a (webtiles) character file.

Game seed: 12841410381888860966

3771 MisterFreud the Cruncher (level 10, 0/74 HPs)
             Began as a Formicid Gladiator on Oct 11, 2022.
             Was a Believer of Yredelemnul.
             Slain by a gnoll
             ... wielding a +0 spear
             ... led by a gnoll sergeant
              (6 damage)
             ... on level 8 of the Dungeon.
             The game lasted 00:08:52 (8459 turns).

MisterFreud the Cruncher (Formicid Gladiator)       Turns: 8459, Time: 00:08:52

Health: 0/74       AC: 10    Str: 27    XL:     10   Next: 38%
Magic:  15/16      EV: 12    Int:  8    God:    Yredelemnul [**....]
Gold:   190        SH:  0    Dex: 15    Spells: 9/9 levels left

rFire   + . .      SeeInvis +   a - +2 quarterstaff (flame)
rCold   + . .      Faith    .   (no shield)
rNeg    . . .      Spirit   .   u - +0 swamp dragon scales
rPois   +          Reflect  .   (helmet unavailable)
rElec   .          Harm     .   (no cloak)
rCorr   +          Rampage  .   y - +1 pair of gloves
Will    +....                   (no boots)
Stlth   +.........              j - amulet of the acrobat
HPRegen 0.22/turn               C - +6 ring of strength
MPRegen 0.15/turn               x - ring of Cofarricw {rPois rF+ rC+ rCorr Dex-2}

@: no status effects
A: permanent stasis, dig shafts and tunnels, antennae 3, four strong arms
a: Dig, Shaft Self, Renounce Religion, Recall Undead Harvest, Dark Bargain


You were on level 8 of the Dungeon.
You worshipped Yredelemnul.
Yredelemnul was aware of your devotion.
You visited 2 branches of the dungeon, and saw 9 of its levels.

You collected 458 gold pieces.
You spent 268 gold pieces at shops.

Inventory:

Hand Weapons
 a - a +2 quarterstaff of flaming (weapon)
Missiles
 c - 3 throwing nets (quivered)
 d - 3 javelins
 m - 9 poisoned darts
Armour
 u - +0 swamp dragon scales (worn)
 y - a +1 pair of gloves (worn)
 F - +2 steam dragon scales
Jewellery
 f - an amulet of faith
 h - a ring of magical power
 j - an amulet of the acrobat (around neck)
 p - a ring of ice
 x - the ring of Cofarricw (right hand) {rPois rF+ rC+ rCorr Dex-2}
   (You found it on level 3 of the Dungeon)

   [ring of resist corrosion]

   Dex:       It affects your dexterity (-2).
   rF:        It protects you from fire.
   rC:        It protects you from cold.
   rPois:     It protects you from poison.
   rCorr:     It protects you from acid and corrosion.
 A - a ring of fire
 C - a +6 ring of strength (left hand)
 H - a +6 ring of intelligence
Wands
 t - a wand of roots (3)
 w - a wand of charming (4)
Scrolls
 b - a scroll of identify
 e - 2 scrolls of poison
 r - 2 scrolls of fog
 B - a scroll of fear
 D - 2 scrolls of amnesia {unknown}
 E - a scroll of silence {unknown}
 I - a scroll of acquirement {unknown}
Potions
 g - 3 potions of heal wounds
 i - 3 potions of might
 k - a potion of brilliance {unknown}
 l - 2 potions of mutation {unknown}
 n - 2 potions of attraction {unknown}
 o - a potion of invisibility {unknown}
 q - 6 potions of curing
 s - 3 potions of lignification
 v - a potion of ambrosia {unknown}
 z - a potion of flight {unknown}
 G - 2 potions of magic {unknown}


   Skills:
 + Level 5.4 Fighting
 - Level 10.0 Staves
 - Level 2.0 Throwing
 + Level 5.4 Armour
 - Level 2.6 Dodging
 - Level 8.0 Invocations
 - Level 5.0 Evocations


You had 9 spell levels left.
You didn't know any spells.
Your spell library contained the following spells:

 Spells                   Type           Power      Damage    Failure   Level
 Foxfire                  Conj/Fire      0%         2x1d4     52%         1
 Conjure Flame            Conj/Fire      0%         6-21      88%         3
 Inner Flame              Hex/Fire       0%         N/A       88%         3
 Portal Projectile        Hex/Tloc       0%         N/A       88%         3
 Tukima's Dance           Hex            0%         N/A       88%         3
 Flame Wave               Conj/Fire      0%         2d4       99%         4
 Hailstorm                Conj/Ice       0%         3d3       99%         4
 Ice Form                 Ice/Tmut       0%         N/A       99%         4
 Blade Hands              Tmut           0%         N/A       100%        5
 Borgnjor's Vile Clutch   Necr/Erth      0%         N/A       100%        5
 Animate Dead             Necr           Unusable   N/A       N/A         4
 Death Channel            Necr           Unusable   N/A       N/A         6
 Simulacrum               Ice/Necr       Unusable   N/A       N/A         6

Dungeon Overview and Level Annotations

Branches:
Dungeon (8/15)             Temple (1/1) D:5
   Lair: D:8-11

Altars:
Ashenzari
Dithmenos
Elyvilon
Makhleb
Nemelex Xobeh
Okawaru
Qazlal
Trog
Uskayaw
Vehumet
Wu Jian
Yredelemnul
Zin

Shops:
D:4 *   D:6 (*(![


Innate Abilities, Weirdness & Mutations

You cannot be hasted, slowed, berserked, paralysed or teleported.
You can dig through walls and to a lower floor.
You have a pair of large antennae on your head. (SInv)
Your four strong arms can wield two-handed weapons with a shield.


Message History

You need to enable at least one skill for training.
Found an escape hatch in the floor.
The gnoll sergeant completely misses you.
The gnoll completely misses you. The gnoll misses you.
Your gnoll zombie hits the gnoll.
You see here a +2 flail of draining.
Unknown command.
You hit the gnoll sergeant but do no damage.
Your centaur zombie barely misses the gnoll sergeant.
Your centaur zombie kicks the gnoll sergeant but does no damage.
The gnoll hits you but does no damage. The gnoll barely misses you.
The gnoll sergeant hits you but does no damage.
You hit the gnoll sergeant. You burn the gnoll sergeant.
The gnoll sergeant is lightly wounded.
Your centaur zombie hits the gnoll sergeant but does no damage.
Your centaur zombie kicks the gnoll sergeant but does no damage.
The gnoll hits you but does no damage. The gnoll barely misses you.
The gnoll sergeant closely misses you.
Your gnoll zombie barely misses the gnoll.
Your centaur zombie barely misses the gnoll sergeant.
Your centaur zombie closely misses the gnoll sergeant.
Unknown command.
You hit the gnoll sergeant but do no damage.
The gnoll sergeant is lightly wounded.
The gnoll sergeant hits you with a +0 trident!
* * * LOW HITPOINT WARNING * * *
The gnoll misses you. The gnoll barely misses you.
Your centaur zombie barely misses the gnoll sergeant.
Your centaur zombie kicks the gnoll sergeant but does no damage.
You hit the gnoll sergeant. You burn the gnoll sergeant.
The gnoll sergeant is moderately wounded.
Your gnoll zombie barely misses the gnoll.
Your gnoll zombie hits the gnoll.
Your centaur zombie hits the gnoll sergeant but does no damage.
Your centaur zombie completely misses the gnoll sergeant.
The gnoll sergeant hits you with a +0 trident.
* * * LOW HITPOINT WARNING * * *
The gnoll hits you but does no damage. The gnoll hits you with a +0 spear.
You die...
Your body rises from the dead as a mindless zombie.

#......)### ## ≈≈.≈
####......#### .
#≈.≈##.........# #. #.
P.P#..#......># #.
#.##.##..(.......# #.
##(.......##Z.Z...###.
#....Z..# #..........
##...gZ.#####!.....#...
#....g@Z..............#
#....gZZ.####..(......#
....#.##### ######.###
>..... #.# ...## #.# #
######.### .........#
.........# .......?.#


You could see a gnoll sergeant (ally target), 2 gnolls, a friendly jelly zombie,
3 friendly gnoll zombies and a friendly centaur zombie.

Vanquished Creatures
  Pikel (D:7)
  Joseph (D:8)
  Maggie (D:7)
  2 tengu conjurers (D:8)
  Sigmund (D:5)
  Eustachio (D:5)
  Duvessa (D:7)
  An acid dragon (D:8)
  A water moccasin (D:8)
  A sky beast (D:7)
  An ice beast (D:6)
  3 ogres
  2 centaurs
  A lemure (D:6)
  A necrophage (D:5)
  A gnoll sergeant (D:7)
  2 scorpions
  Dowan (D:6)
  5 hounds
  A jelly (D:8)
  5 orc priests
  2 iguanas
  4 orc wizards
  6 adders
  5 gnolls
  3 white imps
  A worm (D:2)
  A dart slug (D:1)
  25 orcs
  7 endoplasms
  A giant cockroach (D:1)
  5 hobgoblins
  5 kobolds
  8 quokkas
  5 ball pythons
  5 bats
  6 frilled lizards
  A goblin (D:1)
  4 rats
128 creatures vanquished.

Vanquished Creatures (collateral kills)
  A gnoll sergeant (D:8)
  4 gnolls (D:8)
5 creatures vanquished.

Vanquished Creatures (others)
  A water moccasin zombie (D:8)
  2 orc zombies (D:8)
  A spectral white imp (D:7)
  A gnoll zombie (D:8)
5 creatures vanquished.

Grand Total: 138 creatures vanquished

Notes
Turn   | Place    | Note
-------+----------+-------------------------------------------
     0 | D:1      | MisterFreud the Formicid Gladiator began the quest for the
                  | Orb.
     0 | D:1      | Reached XP level 1. HP: 16/16 MP: 1/1
    96 | D:1      | Reached XP level 2. HP: 9/22 MP: 2/2
   745 | D:1      | Reached skill level 4 in Staves
   745 | D:1      | Reached XP level 3. HP: 24/27 MP: 3/3
  1474 | D:2      | Reached XP level 4. HP: 31/33 MP: 4/4
  1765 | D:3      | Identified the +0 ring mail of Vakeudoss {Dex+4}
  1767 | D:3      | You fall into a shaft and drop 1 floor!
  1887 | D:4      | Reached skill level 5 in Staves
  1890 | D:4      | Reached XP level 5. HP: 17/38 MP: 5/5
  2253 | D:4      | Found Qyreh's Assorted Antiques.
  2279 | D:4      | Bought a fuming puce potion for 18 gold pieces
  2279 | D:4      | Bought a scroll labelled VYRUAQ WALICO for 21 gold pieces
  2279 | D:4      | Bought a white potion for 18 gold pieces
  2279 | D:4      | Bought a fuming inky potion for 18 gold pieces
  2491 | D:4      | Reached skill level 6 in Staves
  2902 | D:4      | Reached skill level 1 in Armour
  2902 | D:4      | Reached XP level 6. HP: 35/46 MP: 6/6
  3061 | D:3      | You fall into a shaft and drop 1 floor!
  3860 | D:3      | Identified the ring of Cofarricw {rPois rF+ rC+ rCorr
                  | Dex-2}
  3946 | D:3      | You fall into a shaft and drop 2 floors!
  3946 | D:5      | Entered Level 5 of the Dungeon
  4190 | D:5      | Found a bloodstained altar of Trog.
  4232 | D:5      | Found a staircase to the Ecumenical Temple.
  4258 | D:5      | Reached XP level 7. HP: 46/54 MP: 7/7
  4437 | D:5      | Noticed Sigmund
  4445 | D:5      | Killed Sigmund
  4547 | D:5      | Found a shadowy altar of Dithmenos.
  4558 | D:5      | Noticed Eustachio
  4568 | D:5      | Killed Eustachio
  4569 | D:5      | Reached skill level 5 in Fighting
  4569 | D:5      | Reached skill level 5 in Armour
  4569 | D:5      | Reached XP level 8. HP: 29/62 MP: 8/8
  5274 | D:4      | Reached skill level 7 in Staves
  5720 | Temple   | Entered the Ecumenical Temple
  5739 | Temple   | Became a worshipper of Yredelemnul the Dark
  5819 | D:6      | Found Vimpuhan's Distillery.
  5827 | D:6      | Bought a potion of heal wounds for 55 gold pieces
  5856 | D:6      | Reached * piety under Yredelemnul
  5977 | D:6      | Found Caphiqoa's Armour Shop.
  5991 | D:6      | Found a white marble altar of Elyvilon.
  6012 | D:6      | Found Ismai's Assorted Antiques.
  6032 | D:6      | Bought a fuming inky potion for 21 gold pieces
  6032 | D:6      | Bought a white potion for 21 gold pieces
  6032 | D:6      | Bought a tapered iron wand for 96 gold pieces
  6067 | D:6      | Reached skill level 8 in Staves
  6184 | D:6      | Found Woqufot's Antique Weapon Shoppe.
  6195 | D:6      | Reached ** piety under Yredelemnul
  6211 | D:6      | Found Reofe's Antique Weapon Shop.
  6350 | D:6      | Found a glowing silver altar of Zin.
  6565 | D:6      | Reached XP level 9. HP: 65/68 MP: 9/9
  6620 | D:7      | Noticed Duvessa
  6621 | D:7      | Noticed Dowan
  6631 | D:7      | Killed Duvessa
  6632 | D:7      | Reached skill level 9 in Staves
  6769 | D:7      | Noticed Pikel
  6790 | D:6      | Killed Dowan
  7059 | D:7      | Noticed Maggie
  7114 | D:7      | Killed Maggie
  7115 | D:7      | Reached skill level 10 in Staves
  7464 | D:7      | Killed Pikel
  7465 | D:7      | Reached skill level 5 in Evocations
  7581 | D:7      | Found a broken altar of Ashenzari.
  7897 | D:8      | Noticed a tengu conjurer
  7899 | D:8      | Noticed a tengu conjurer
  7911 | D:8      | Killed a tengu conjurer
  7912 | D:8      | Reached skill level 5 in Invocations
  7912 | D:8      | Reached XP level 10. HP: 68/74 MP: 11/13
  8061 | D:8      | Found the +0 staff of Battle
  8438 | D:8      | Noticed Joseph
  8454 | D:8      | Killed Joseph
  8459 | D:8      | Slain by a gnoll

Illustrated notes

Levels and vault maps discovered:
D:1:      lemuel_arrival_river_ford, layout_loops_ring, minmay_tetromino_s4
D:2:      layout_loops_ring
D:3:      layout_basic
D:4:      layout_rooms, serial_shops, nicolae_shop_crystal,
          kennysheep_generic_room_5
D:5:      layout_loops_ring, grunt_dithmenos_smoke, trog_book,
          minmay_temple_entry_glass, corner_web_ring, uniq_sigmund,
          uniq_eustachio
D:6:      layout_loops_ring, zin_statuary, elyvilon_altar_4, serial_shops,
          nicolae_shop_trees, nicolae_shop_competitors_out_of_business, shop,
          shop, shop
D:7:      layout_rooms, nicolae_ashenzari_skybound, uniq_maggie, uniq_duvessa,
          uniq_pikel
D:8:      layout_rooms, dreamdust_princess_bridge,
          hellmonk_guarded_unrand_staff_of_battle, uniq_joseph
Temple:   hellmonk_temple_forest_ring

Skill      XL: |  1  2  3  4  5  6  7  8  9 10 |
---------------+-------------------------------+-----
Staves         | 4 5 6 8 10 | 10.0
Armour         | 1 3 5 |  5.4
Fighting       | 4 5 |  5.4
Evocations     | 5 |  5.0
Invocations    | 5 8 |  8.0
Throwing       | |  2.0
Dodging        | |  2.6

Action                   |  1- 3 |  4- 6 |  7- 9 | 10-12 || total
-------------------------+-------+-------+-------+-------++-------
Melee: Quarterstaff      |    86 |    96 |   191 |    53 ||   426
       Punch             |       |       |     1 |       ||     1
 Abil: Shaft Self        |       |     2 |       |       ||     2
Evoke: Wand              |       |       |     3 |       ||     3
  Use: Scroll            |     5 |     4 |     7 |       ||    16
       Potion            |       |       |       |     1 ||     1
 Stab: Sleeping          |     1 |       |       |       ||     1
       Distracted        |       |       |     1 |     1 ||     2
Armor: Leather armour    |    22 |    11 |       |       ||    33
       Swamp dragon scal |       |    33 |    53 |    17 ||   103
Dodge: Dodged            |    72 |    89 |   102 |    55 ||   318
